 Dungeon Crawl Stone Soup version 0.30.1-3-gfc49f6343a (webtiles) character file.

Game seed: 17327293087079752935

3975 McKennaii the Destroyer (level 9, 0/59 (62) HPs)
             Began as a Demigod Conjurer on Aug 1, 2023.
             Killed by divine providence
             ... invoked by an orc priest
              (13 damage)
             ... on level 8 of the Dungeon.
             The game lasted 00:08:48 (8700 turns).

McKennaii the Destroyer (Demigod Conjurer)          Turns: 8700, Time: 00:08:49

HP:   0/59 (62)     AC: 12    Str:  8    XL:     9   Next: 72%
MP:   4/26          EV: 11    Int: 32    God:
Gold: 447           SH:  0    Dex: 12    Spells: 18/25 levels left

rFire   . . .        r - staff of cold
rCold   + . .        (no shield)
rNeg    . . .        F - +0 acid dragon scales
rPois   .            E - +0 helmet
rElec   .            w - +0 cloak
rCorr   +            v - +2 pair of gloves
SInv    .            G - +0 pair of boots
Will    .....        d - amulet of regeneration
Stlth   +            (no ring)
HPRegen 1.09/turn    (no ring)
MPRegen 0.20/turn

%: no passive effects
@: lightly drained
A: high MP 1, forlorn, divine attributes
a: no special abilities


You were on level 8 of the Dungeon.
You visited 1 branch of the dungeon, and saw 8 of its levels.

You collected 447 gold pieces.

Inventory:

Armour
 v - a +2 pair of gloves (worn)
 w - a +0 cloak (worn)
 E - a +0 helmet (worn)
 F - +0 acid dragon scales (worn)
 G - a +0 pair of boots (worn)
Magical Staves
 r - a staff of cold (weapon)
Jewellery
 a - a +6 ring of dexterity
 d - an amulet of regeneration (around neck)
Wands
 q - a wand of light (6)
 y - a wand of digging (5)
 A - a wand of paralysis (18)
 C - a wand of roots (7)
Scrolls
 g - a scroll of butterflies
 h - 2 scrolls of silence
 i - a scroll of enchant weapon
 j - a scroll of amnesia
 o - a scroll of fear
 p - 2 scrolls of blinking
 u - a scroll of torment
 x - 2 scrolls of teleportation
 D - a scroll of acquirement {unknown}
Potions
 b - 3 potions of magic
 c - a potion of resistance
 e - 4 potions of curing {unknown}
 f - 2 potions of degeneration {unknown}
 k - a potion of lignification {unknown}
 l - a potion of heal wounds {unknown}
 m - a potion of brilliance {unknown}
 n - 2 potions of mutation {unknown}
 s - a potion of invisibility {unknown}
 t - a potion of cancellation {unknown}
 z - a potion of attraction {unknown}
 B - 2 potions of haste
 H - a potion of flight {unknown}


   Skills:
 - Level 1.7 Dodging
 - Level 1.7 Stealth
 + Level 8.8 Spellcasting
 + Level 10.1 Conjurations


You had 18 spell levels left.
You knew the following spells:

 Your Spells              Type           Power      Damage    Failure   Level
a - Magic Dart            Conj           100%       1d8       1%          1
b - Searing Ray           Conj           100%       2d8       1%          2
c - Iskenderun's Mystic   Conj/Tloc      46%        2d10      8%          4

Your spell library contained the following spells:

 Spells                   Type           Power      Damage    Failure   Level
 Dazzling Flash           Conj/Hex       92%        N/A       2%          3
 Slow                     Hex            56%        N/A       6%          1
 Fulminant Prism          Conj/Hex       23%        3d12      8%          4
 Lesser Beckoning         Tloc           28%        N/A       10%         2
 Confusing Touch          Hex            14%        N/A       19%         3
 Gell's Gravitas          Tloc           14%        N/A       19%         3
 Teleport Other           Tloc           14%        N/A       19%         3
 Vampiric Draining        Necr           14%        2d7       19%         3
 Volatile Blastmotes      Fire/Tloc      28%        2d12      19%         3
 Starburst                Conj/Fire      23%        6d8       75%         6
 Agony                    Necr           14%        N/A       86%         5
 Silence                  Hex/Air        7%         N/A       86%         5


Dungeon Overview and Level Annotations

Branches:
Dungeon (8/15)             Temple (0/1) D:7
   Lair: D:8-11

Shops:
D:3 =


Innate Abilities, Weirdness & Mutations

You have an increased reservoir of magic. (+10% MP)
You shall have no god before yourself.
Your divine heritage dramatically boosts your attributes as you level up.


Message History

An orc comes into view. It is wielding a +0 flail.
Unknown command.
There is a stone staircase leading up here.
Unknown command.
Casting: Iskenderun's Mystic Blast (dangerous; 8% risk of failure)
Confirm with . or Enter, or press ? or * to list all spells.
You erupt in a blast of force!
The mystic blast hits the wight!
The wight is heavily damaged.
The wight is knocked back by the mystic blast.
The wight slams into the rock wall!
The wight is severely damaged.
The mystic blast hits the orc wizard.
The orc wizard is lightly wounded.
The orc wizard is knocked back by the mystic blast.
An orc priest comes into view. It is wielding a +0 hand axe.
Unknown command.
Unknown command.
You climb upwards.
There is a stone staircase leading down here.
A boulder beetle is nearby!
Casting: Iskenderun's Mystic Blast (dangerous; 8% risk of failure)
Confirm with . or Enter, or press ? or * to list all spells.
Okay, then.
The boulder beetle closely misses you.
You climb downwards.
The orc priest casts a cantrip, but nothing happens.
The wight hits you with a +5 great sword!
* * * LOW HITPOINT WARNING * * *
You feel drained.
* * * LOW HITPOINT WARNING * * *
Your magical contamination has completely faded away.
There is a stone staircase leading up, spattered with blood here.
Unknown command.
The wight hits you with a +5 great sword.
* * * LOW HITPOINT WARNING * * *
You feel drained.
* * * LOW HITPOINT WARNING * * *
The orc priest calls down the wrath of Beogh upon you.
Beogh smites you!
You die...

# .. ...# ##.##
... ......
..####..#.# #
#.##@Boo.o# ..
#.##.##z#..### ..
.....##.#ยง.#### .
..#####...<.......
..
...........#######
..........#### # #
#...#.##.# .#. ##
#.##.##.# # #.# ##
.# #.......#
##.##.# ##)##


You could see a boulder beetle, a wight, an orc priest, an orc wizard and an
orc.

Vanquished Creatures
  A two-headed ogre (D:8)
  Pikel (D:6)
  Maggie (D:6)
  A hornet (D:7)
  4 yaks (D:8)
  A wyvern (D:5)
  A steam dragon (D:8)
  A black bear (D:6)
  3 ogres
  3 centaurs
  A phantom (D:4)
  Blork the orc (D:6)
  A bullfrog (D:8)
  A gnoll sergeant (D:8)
  2 scorpions (D:7)
  4 hounds
  Crazy Yiuf (D:5)
  A gnoll bouda (D:8)
  3 jellies
  2 sleepcaps
  3 orc wizards
  2 iguanas
  8 gnolls (D:8)
  3 adders
  2 shadow imps
  2 white imps
  An ufetubus (D:5)
  A worm (D:3)
  4 dart slugs
  14 orcs
  8 endoplasms
  2 giant cockroaches
  13 hobgoblins
  2 quokkas
  10 ball pythons
  6 bats
  5 frilled lizards
  9 goblins
  7 kobolds
  5 rats
  A butterfly (D:7)
142 creatures vanquished.

Notes
Turn   | Place    | Note
-------+----------+-------------------------------------------
     0 | D:1      | McKennaii the Demigod Conjurer began the quest for the Orb.
     0 | D:1      | Reached XP level 1. HP: 14/14 MP: 5/5
   250 | D:1      | Reached XP level 2. HP: 20/20 MP: 0/7
   253 | D:1      | Learned a level 2 spell: Searing Ray
   488 | D:1      | Reached skill level 4 in Conjurations
  1385 | D:2      | Reached XP level 3. HP: 24/26 MP: 4/9
  2109 | D:3      | Reached XP level 4. HP: 33/33 MP: 7/11
  2114 | D:3      | Learned a level 4 spell: Iskenderun's Mystic Blast
  2155 | D:3      | Found Muxotax's Jewellery Boutique.
  2367 | D:3      | Noticed a centaur
  2372 | D:3      | Killed a centaur
  2373 | D:3      | Reached XP level 5. HP: 6/38 MP: 4/13
  2671 | D:3      | Reached skill level 5 in Conjurations
  3568 | D:4      | You fall into a shaft and drop 1 floor!
  3568 | D:5      | Entered Level 5 of the Dungeon
  4344 | D:4      | Reached XP level 6. HP: 45/45 MP: 12/15
  4683 | D:5      | Found a runed translucent door.
  4684 | D:5      | Noticed Crazy Yiuf
  5207 | D:5      | Noticed a wyvern
  5215 | D:5      | Killed a wyvern
  5216 | D:5      | Reached skill level 6 in Conjurations
  5326 | D:5      | Reached XP level 7. HP: 50/50 MP: 9/17
  5394 | D:5      | Reached skill level 5 in Spellcasting
  5568 | D:5      | Killed Crazy Yiuf
  5970 | D:6      | Noticed Blork the orc
  5977 | D:6      | Killed Blork the orc
  6180 | D:6      | Noticed Maggie
  6196 | D:6      | Killed Maggie
  6197 | D:6      | Reached skill level 7 in Conjurations
  6197 | D:6      | Reached XP level 8. HP: 10/57 MP: 1/20
  6479 | D:6      | Noticed Pikel
  6486 | D:6      | Killed Pikel
  6487 | D:6      | Reached skill level 8 in Conjurations
  7333 | D:7      | Noticed a boulder beetle
  7495 | D:7      | HP: 1/57 [boulder beetle (44)]
  7632 | D:7      | Found a staircase to the Ecumenical Temple.
  7653 | D:7      | Noticed a hornet
  7662 | D:7      | Killed a hornet
  7738 | D:7      | Reached XP level 9. HP: 53/62 MP: 19/24
  7809 | D:8      | Reached skill level 9 in Conjurations
  8388 | D:8      | Noticed a two-headed ogre
  8432 | D:8      | Killed a two-headed ogre
  8433 | D:8      | Reached skill level 10 in Conjurations
  8700 | D:8      | Killed from afar by an orc priest

Illustrated notes

Levels and vault maps discovered:
D:1:      dpeg_arrival_simpleton_b, layout_loops_ring
D:2:      layout_basic
D:3:      minmay_razor_zed, layout_loops_cross, grunt_temple_overflow_open,
          serial_shops, shop, hellmonk_ecumenical_altar_arch_garden,
          chequers_serial_rivers_small_b, chequers_serial_rivers_micro_b,
          minmay_randomly_rotated_circles
D:4:      layout_basic, st_stairs_7
D:5:      layout_cave_pools, kennysheep_crisscross, uniq_crazy_yiuf_cottage
D:6:      layout_basic, uniq_maggie, uniq_pikel, uniq_blork_the_orc
D:7:      layout_rooms, minmay_temple_entry_butterflies
D:8:      layout_loops_cross

Skill      XL: |  1  2  3  4  5  6  7  8  9 |
---------------+----------------------------+-----
Spellcasting   | 2 3 4 6 7 8 |  8.8
Conjurations   | 4 5 6 7 8 10 | 10.1
Dodging        | |  1.7
Stealth        | |  1.7

Action                     |  1- 3 |  4- 6 |  7- 9 || total
---------------------------+-------+-------+-------++-------
  Melee: Unarmed           |    28 |       |       ||    28
         Punch             |     1 |       |       ||     1
         Staff             |       |    18 |       ||    18
   Cast: Magic Dart        |    80 |    83 |    51 ||   214
         Searing Ray       |     2 |    21 |    44 ||    67
         Iskenderun's Myst |       |       |    18 ||    18
  Evoke: Wand              |       |       |     1 ||     1
    Use: Scroll            |       |       |    10 ||    10
 Armour: Robe              |     2 |    21 |     5 ||    28
         Acid dragon scale |       |       |    15 ||    15
  Dodge: Dodged            |    37 |    52 |    34 ||   123
